 Dungeon Crawl Stone Soup version 0.31-a0-198-g2ad674f65e (webtiles) character file.

Game seed: 4632840418672572406

111 qw the Skirmisher (level 4, -4/25 HPs)
             Began as a Deep Elf Hunter on June 25, 2023.
             Slain by an orc
             ... wielding a +0 trident
              (5 damage)
             ... on level 3 of the Dungeon.
             The game lasted 00:00:39 (1965 turns).

qw the Skirmisher (Deep Elf Hunter)                 Turns: 1965, Time: 00:00:39

Health: -4/25      AC:  6    Str: 10    XL:     4   Next: 62%
Magic:  0/6        EV: 11    Int: 14    God:
Gold:   101        SH:  0    Dex: 18    Spells: 3/3 levels left

rFire   . . .        Y - +1 shortbow
rCold   . . .        (shield currently unavailable)
rNeg    . . .        h - +0 ring mail
rPois   .            (no helmet)
rElec   .            (no cloak)
rCorr   .            (no gloves)
SInv    .            g - +0 pair of boots
Will    +....        l - amulet of guardian spirit
Stlth   +            b - ring of willpower
HPRegen 0.24/turn    (no ring)
MPRegen 0.10/turn

%: guardian spirit
@: no status effects
A: no striking features
a: no special abilities


You were on level 3 of the Dungeon.
You visited 1 branch of the dungeon, and saw 3 of its levels.

You collected 101 gold pieces.


   Skills:
 - Level 1.5 Fighting
 + Level 8.0 Ranged Weapons
 - Level 2.4 Dodging
 - Level 1.2 Stealth


You had 3 spell levels left.
You didn't know any spells.
Your spell library was empty.

Inventory:

Hand Weapons
 Y - a +1 shortbow (weapon)
Armour
 g - a +0 pair of boots (worn)
 h - a +0 ring mail (worn)
Jewellery
 b - a ring of willpower (left hand)
 l - an amulet of guardian spirit (around neck)
Potions
 e - a potion of haste
 f - a potion of curing {unknown}
 k - a potion of mutation {unknown}

Dungeon Overview and Level Annotations

Branches:
Dungeon (3/15)

Altars:


Message History

The orc shouts!
You shoot an arrow.
The arrow hits the orc but does no damage.
You shoot an arrow.
The arrow hits the orc but does no damage.
You shoot an arrow. The arrow closely misses the orc.
The arrow barely misses the orc.
The orc barely misses you.
You shoot an arrow.
The arrow hits the orc but does no damage.
You shoot an arrow. The arrow hits the orc priest.
The orc priest is lightly wounded.
The orc hits you with a +0 hand axe.
The orc priest hits you but does no damage.
You shoot an arrow. The arrow hits the orc priest!
The orc priest is severely wounded.
The orc misses you.
The orc priest calls down the wrath of Beogh upon you.
Beogh smites you! The orc hits you with a +0 hand axe.
The orc closely misses you.
You shoot an arrow. The arrow hits the orc priest!
You kill the orc priest!
The orc barely misses you. The orc hits you but does no damage.
Your Ranged Weapons skill increases to level 8!
You shoot an arrow. The arrow closely misses the orc.
The orc hits you with a +0 hand axe. The orc completely misses you.
The orc hits you but does no damage.
You shoot an arrow.
The arrow hits the orc but does no damage.
The orc completely misses you. The orc hits you but does no damage.
The orc closely misses you.
You shoot an arrow. The arrow barely misses the orc.
The orc misses you.
The orc hits you from afar with a +0 trident.
The orc closely misses you.
You shoot an arrow. The arrow hits the orc!
You kill the orc!
The orc closely misses you. The orc hits you with a +0 hand axe.
The orc hits you from afar with a +0 trident.
You die...

....# . ..#.# ..
#######....+ ...
..........# ....
#.........###
.....#............
......)o##.#......
#o.@..........
##>###........ #.#
#........ #.#
#..#..... #.#
#........ #.#
#...#..##
#.###........
##.....#......
##.............


You could see 2 orcs.

Vanquished Creatures
  An orc priest (D:3)
  3 adders
  4 worms (D:2)
  A dart slug (D:1)
  2 orcs (D:3)
  5 ball pythons
  5 endoplasms
  3 giant cockroaches
  2 goblins
  2 jackals (D:2)
  3 quokkas
  3 bats
  3 frilled lizards
  2 kobolds (D:1)
  4 rats
43 creatures vanquished.

Notes
Turn   | Place    | Note
-------+----------+-------------------------------------------
     0 | D:1      | qw the Deep Elf Hunter began the quest for the Orb.
     0 | D:1      | Reached XP level 1. HP: 12/12 MP: 3/3
     0 | D:1      | 0 ||| qw: Version: 0.3-a-22-g0ed2b0b
     0 | D:1      | 0 ||| qw: Game counter: 4895
     0 | D:1      | 0 ||| qw: Melee chars always use a shield: true
     0 | D:1      | 0 ||| qw: God list: Okawaru
     0 | D:1      | 0 ||| qw: Allow faded altars: false
     0 | D:1      | 0 ||| qw: Do Orc after clearing Dungeon:15 true
     0 | D:1      | 0 ||| qw: Do second Lair branch before Depths: true
     0 | D:1      | 0 ||| qw: Lair rune preference: random
     0 | D:1      | 0 ||| qw: Goals: Normal
     0 | D:1      | 0 ||| PLANNING D:1-11
    70 | D:1      | Reached skill level 6 in Ranged Weapons
    70 | D:1      | Reached XP level 2. HP: 16/16 MP: 4/4
   417 | D:1      | 417 ||| UPGRADING to +0 pair of boots.
   422 | D:1      | 422 ||| READING scroll labelled AFIURY METIBA.
   423 | D:1      | 423 ||| DROPPING scroll of butterflies.
   674 | D:2      | Reached XP level 3. HP: 20/20 MP: 5/5
   982 | D:2      | Reached skill level 7 in Ranged Weapons
  1310 | D:2      | Identified the +2 robe "Noshaqeh" {rElec}
  1699 | D:2      | 1699 ||| UPGRADING to +0 ring mail.
  1709 | D:2      | 1709 ||| DROPPING +0 leather armour.
  1710 | D:2      | 1710 ||| DROPPING +2 robe "Noshaqeh" {rElec}.
  1711 | D:2      | 1711 ||| UPGRADING to amulet of guardian spirit.
  1716 | D:2      | 1716 ||| UPGRADING to ring of willpower.
  1717 | D:2      | 1717 ||| READING 2 scrolls labelled VOIPEH ECOHOUF.
  1718 | D:2      | 1718 ||| READING scroll labelled XASMEH FAZXYTS.
  1749 | D:2      | 1749 ||| READING scroll labelled WIOFUPL SETAITT.
  1750 | D:2      | 1750 ||| DRINKING 2 cyan potions.
  1751 | D:2      | 1751 ||| DROPPING scroll of fear.
  1877 | D:3      | 1877 ||| PLANNING SEWER
  1883 | D:3      | Reached XP level 4. HP: 25/25 MP: 6/6
  1886 | D:3      | 1886 ||| STAIRDANCE
  1962 | D:3      | Reached skill level 8 in Ranged Weapons
  1962 | D:3      | HP: 4/25 [orc/+0 hand axe (5)]
  1965 | D:3      | HP: 1/25 [orc/+0 hand axe (2)]
  1965 | D:3      | Slain by an orc

Levels and vault maps discovered:
D:1:      heliophobic_arrival_henge, layout_rooms
D:2:      layout_basic
D:3:      layout_rooms, evilmike_ruin_ashenzari, cheibrodos_sewer_entry_bend,
          grunt_ministairs_9

Skill      XL: |  1  2  3  4 |
---------------+-------------+-----
Ranged Weapons | 6 7 8 |  8.0
Fighting       | |  1.5
Dodging        | |  2.4
Stealth        | |  1.2

Action                     |  1- 3 |  4- 6 || total
---------------------------+-------+-------++-------
   Fire: Shortbow          |   131 |    24 ||   155
    Use: Scroll            |     4 |       ||     4
         Potion            |     1 |       ||     1
 Armour: Leather armour    |    11 |       ||    11
         Ring mail         |     1 |     7 ||     8
  Dodge: Dodged            |    29 |    18 ||    47

Table legend:
 A = Non-vault XP
 B = Vault XP
 C = Vault XP percentage of total XP
 D = Non-vault monster count
 E = Vault monster count
 F = Vault count percentage of total count
                 A         B        C        D         E       F
            +---------+---------+-------+---------+---------+-------
      Total |     162 |       0 |   0.0 |      43 |       0 |   0.0
            +---------+---------+-------+---------+---------+-------
        D:1 |      21 |       0 |   0.0 |      13 |       0 |   0.0
        D:2 |      77 |       0 |   0.0 |      24 |       0 |   0.0
        D:3 |      64 |       0 |   0.0 |       6 |       0 |   0.0
            +---------+---------+-------+---------+---------+-------
